Cogmind - Beta 13 @@@ ROGUE MODE // 2024.04.03 @ 20:57:24 Player: chexo4 Result: Destroyed by S-10 Pest with Light Assault Rifle Performance ------------- Evolutions (1) 500 Regions Visited (2) 400 Robots Destroyed (13) 65 Value Destroyed (180) 180 Prototype IDs (1) 20 Alien Tech Used (0) 0 Bonus (0) 0 TOTAL SCORE: 1165 Bonus ------- None Cogmind --------- Core Integrity 0/400 Matter 300/300 Energy 100/100 System Corruption 0% Temperature Cool (0) Movement Core (150) Ox2 Location -9/Materials Parts ------- > --- POWER (1) -------- (None) > --- PROPULSION (4) --- (None) > --- UTILITY (2) ------ Small Storage Unit > --- WEAPON (2) ------- Light Assault Rifle Maul > --- INVENTORY (8) ---- Flight Unit Peak State ------------ > --- POWER ------------ Light Ion Engine > --- PROPULSION ------- Wheel Compact Wheel > --- UTILITY ---------- Small Storage Unit Large Matter Pod > --- WEAPON ----------- Heavy Particle Gun Maul > --- INVENTORY -------- Flight Unit Light Assault Rifle [Rating: 11] Favorites ----------- Power Ion Engine Engine Ion Engine Propulsion Aluminum Leg Leg Aluminum Leg Wheel Compact Wheel Utility Large Matter Pod Storage Large Matter Pod Weapon Light Assault Rifle Energy Gun EM Pulse Gun Ballistic Gun Light Assault Rifle Impact Weapon Maul Build | -11 -10 -9 ------- Run | Yrd Mat Mat Slots Evolved 2 | . . 2 Power . | . . . Propulsion 2 | . . 2 Utility . | . . . Weapon . | . . . Parts Attached 18 | 6 3 9 Power 2 | 1 . 1 Engine 2 | 1 . 1 Core . | . . . Reactor . | . . . Propulsion 4 | 2 . 2 Treads . | . . . Leg 2 | 2 . . Wheel 2 | . . 2 Hover . | . . . Flight . | . . . Utility 4 | 1 2 1 Device . | . . . Storage 4 | 1 2 1 Processor . | . . . Hackware . | . . . Protection . | . . . Artifact . | . . . Weapon 8 | 2 1 5 Energy Gun 3 | 1 . 2 Energy Cannon . | . . . Ballistic Gun 4 | 1 1 2 Ballistic Cannon . | . . . Launcher . | . . . Special Weapon . | . . . Impact Weapon 1 | . . 1 Slashing Weapon . | . . . Piercing Weapon . | . . . Special Melee Weapon . | . . . Unidentified Prototypes 1 | . . 1 Parts Lost 10 | . 5 5 Power 2 | . 1 1 Propulsion 4 | . 2 2 Utility 1 | . . 1 Weapon 3 | . 2 1 Highest Loss Streak 5 | . 5 5 To Critical Strikes . | . . . Average Slot Usage (%) 85 | . 96 58 Engine 11 | . 13 6 Leg 19 | . 27 . Wheel 5 | . . 17 Storage 25 | . 26 20 Energy Gun 10 | . 13 3 Ballistic Gun 10 | . 13 3 Impact Weapon 2 | . . 7 Naked Turns . | . . . Heaviest Build 21 | 13 21 17 Greatest Support 26 | 20 20 26 Greatest Overweight (x) 2 | . 2 2 Average Overweight (x) . | . . . Largest Inventory Capacity 10 | 8 10 10 Average Capacity 9 | 7 9 8 Most Carried 6 | 5 6 5 Average Carried 3 | 2 5 2 Final Capacity 10 | 8 10 8 Final Carried 6 | 3 6 1 Class Distribution -------------------- 100% | Mutant Dominant Class ---------------- Mutant | -10/Materials Mutant | -9/Materials Resources | -11 -10 -9 ----------- Run | Yrd Mat Mat Matter Collected 462 | 252 156 54 Remotely . | . . . Salvage Created 366 | 56 160 150 Parts 22 | 1 13 8 Haulers Intercepted . | . . . Recyclers Shooed . | . . . Parts Field Recycled . | . . . Retrieved Matter . | . . . Parts Self-Destructed . | . . . Prevented . | . . . Kills | -11 -10 -9 ------- Run | Yrd Mat Mat Combat Hostiles Destroyed 11 | . 7 4 Melee 2 | . . 2 Guns 9 | . 7 2 Classes Destroyed 3 | 1 2 . Recycler 2 | 1 . 1 Swarmer 9 | . 6 3 Grunt 2 | . 1 1 Best Kill Streak 3 | 1 3 3 Combat Bots Only 3 | . 3 3 Max Kills in Single Turn 1 | 1 1 1 Gunslinging . | . . . Exploded . | . . . Melee 1 | . . 1 Uniques/NPCs Destroyed . | . . . Combat | -11 -10 -9 -------- Run | Yrd Mat Mat Hostile Shots Fired 229 | . 81 148 Missed 52 | . 19 33 Damage Taken 1525 | . 605 920 Core 561 | . 159 402 Absorbed by Shields . | . . . Core Remaining (%) 68 | 100 36 . Volleys Fired 39 | 2 22 15 Largest 2 | 2 2 1 Hottest 60 | 60 60 55 Shots Fired 63 | 4 44 15 Gun 63 | 4 44 15 Cannon . | . . . Launcher . | . . . Special . | . . . Kinetic 25 | 2 22 1 Thermal 14 | . . 14 Explosive . | . . . Electromagnetic 24 | 2 22 . Robot Hit Streak 3 | 2 3 2 Robot Miss Streak 4 | 1 4 2 Penetration Max . | . . . Secondary Targets . | . . . Shots Hit Robots 30 | 2 17 11 Core Hits 16 | 2 10 4 Critical Kills . | . . . Critical Parts Destroyed 1 | . . 1 Critical Strikes 1 | . . 1 Smash 1 | . . 1 Melee Attacks 8 | . . 8 Impact 8 | . . 8 Slashing . | . . . Piercing . | . . . Sneak Attacks . | . . . Combat Hostiles . | . . . Follow-up Attacks . | . . . Damage Inflicted 515 | 21 173 321 Guns 369 | 21 164 184 Cannons . | . . . Explosions . | . . . Melee 123 | . . 123 Ramming 23 | . 9 14 Kinetic 116 | 8 108 . Thermal 184 | . . 184 Explosive . | . . . Electromagnetic 69 | 13 56 . Impact 123 | . . 123 Slashing . | . . . Piercing . | . . . Highest Corruption . | . . . Average Corruption . | . . . Corruption Purged . | . . . Corruption Blocked . | . . . Overload Shots . | . . . Overflow Damage 69 | . . 69 Projectiles . | . . . Explosions . | . . . Melee 69 | . . 69 Knockbacks 1 | . 1 . Impact 1 | . 1 . Kinetic . | . . . Secondary . | . . . Self-Inflicted Damage 7 | . . 7 Shots . | . . . Rammed 2 | . 1 1 Targets Rammed 6 | . 5 1 Kicked 4 | . 4 . Crushed . | . . . Highest Temperature 207 | 20 40 207 Average Temperature 36 | 15 15 67 Received Heat Transfer 264 | . 228 36 Siege Activations . | . . . Robots Corrupted . | . . . Combat Hostiles . | . . . Parts Fried 1 | . . 1 Impact Corruptions 2 | . . 2 Robots Melted . | . . . Combat Hostiles . | . . . Parts Melted . | . . . Heat Transferred 370 | . . 370 Parts Sabotaged . | . . . Parts Stolen . | . . . Parts Stripped . | . . . Power Chain Reactions . | . . . Alert | -11 -10 -9 ------- Run | Yrd Mat Mat Peak Influence 225 | 5 225 66 Initial 3 | . 3 . Average 74 | 2 113 23 Maximum Alert Level 1 | . 1 . Low Security (%) 83 | 100 72 100 Level 1 16 | . 27 . Level 2 . | . . . Level 3 . | . . . Level 4 . | . . . Level 5 . | . . . High Security . | . . . Max Security . | . . . Squads Dispatched 4 | . 3 1 Investigation 3 | . 2 1 Extermination . | . . . Reinforcement 1 | . 1 . Assault . | . . . Garrison . | . . . Intercept . | . . . Searches Triggered . | . . . Construction Impeded . | . . . Haulers Reinforced . | . . . Active Scanning Responses . | . . . Cargo Convoy Interrupts . | . . . Stealth | -11 -10 -9 --------- Run | Yrd Mat Mat Distress Signals 1 | . 1 . Communications Jammed . | . . . Distress Signals . | . . . Times Spotted 26 | . 14 12 Peak Tracking Total 8 | . 4 8 Tactical Retreats . | . . . Traps | -11 -10 -9 ------- Run | Yrd Mat Mat Traps Triggered 1 | . 1 . Indirectly . | . . . Trap Hack Attempts . | . . . Triggered . | . . . Disarmed . | . . . Reprogrammed . | . . . Reused . | . . . Traps Extracted . | . . . Installed . | . . . Triggered . | . . . Machines | -11 -10 -9 ---------- Run | Yrd Mat Mat Machines Disabled 1 | . 1 . Max in Single Turn 1 | . 1 . Machines Repaired . | . . . Machines Dismantled . | . . . Machines Sabotaged . | . . . Overloaded Fab Kills . | . . . Hacking | -11 -10 -9 --------- Run | Yrd Mat Mat Machines Accessed 5 | . 2 3 Terminals 3 | . 2 1 Fabricators . | . . . Repair Stations . | . . . Recycling Units 1 | . . 1 Scanalyzers 1 | . . 1 Garrison Access . | . . . Total Hacks 17 | . 7 10 Successful 12 | . 3 9 Failed 5 | . 4 1 Catastrophic . | . . . Database Lockouts . | . . . Manual . | . . . Terminals 11 | . 7 4 Fabricators . | . . . Repair Stations . | . . . Recycling Units 4 | . . 4 Scanalyzers 2 | . . 2 Garrison Access . | . . . Terminal Hacks 7 | . 3 4 Record 6 | . 2 4 Hauler Manifests 1 | . 1 . Fabricator Hacks . | . . . Repair Station Hacks . | . . . Recycling Unit Hacks 3 | . . 3 Recycle Component 1 | . . 1 Process 1 | . . 1 Report Inventory 1 | . . 1 Scanalyzer 2 | . . 2 Insert Component 1 | . . 1 Analyze 1 | . . 1 Garrison Access Hacks . | . . . Unauthorized Hacks . | . . . Terminals . | . . . Fabricators . | . . . Repair Stations . | . . . Recycling Units . | . . . Scanalyzers . | . . . Garrison Access . | . . . Data Cores Recovered . | . . . Used . | . . . Hacking Detections 5 | . 2 3 Full Trace Events 4 | . 2 2 Feedback Events . | . . . Feedback Blocked . | . . . Robot Schematics Acquired . | . . . Robots Built . | . . . Authchips . | . . . Time . | . . . Total Robot Build Rating . | . . . Part Schematics Acquired 1 | . . 1 Parts Built . | . . . Authchips . | . . . Time . | . . . Total Part Build Rating . | . . . Parts Repaired . | . . . Time . | . . . Parts Recycled 1 | . . 1 Recycled Matter 120 | . . 120 Retrieved Matter . | . . . Retrieved Components . | . . . Parts Scanalyzed 1 | . . 1 Part Schematics Acquired 1 | . . 1 Parts Damaged . | . . . Bothacking | -11 -10 -9 ------------ Run | Yrd Mat Mat Used RIF Installer . | . . . Robots Hacked . | . . . Non-combat . | . . . Combat . | . . . Robot Hacks Applied . | . . . Relay Couplers Released . | . . . Fabnet Peak Effective % . | . . . Robots Rewired . | . . . Allies Hacked . | . . . Hacks Repelled . | . . . Allies | -11 -10 -9 -------- Run | Yrd Mat Mat Total Allies . | . . . Largest Group . | . . . Highest-Rated Group . | . . . Highest-Rated Ally . | . . . Total Orders . | . . . Ally Attacks . | . . . Total Damage . | . . . Kills . | . . . Allies Corrupted . | . . . Allies Melted . | . . . Intel | -11 -10 -9 ------- Run | Yrd Mat Mat Robot Analysis Total . | . . . Derelict Logs Recovered . | . . . Drone Launches . | . . . Drone Recoveries . | . . . Exploration | -11 -10 -9 ------------- Run | Yrd Mat Mat Turns Passed 736 | 107 443 186 Spaces Moved 408 | 80 202 126 Core 17 | 12 . 5 Treads . | . . . Legs 270 | 68 202 . Wheels 121 | . . 121 Hover . | . . . Flight . | . . . Fastest Speed 50 | 50 120 90 Average Speed 139 | 109 180 92 Slowest Speed 260 | 120 260 150 Overloaded Moves . | . . . Propulsion Burnouts . | . . . Robots Hopped . | . . . Cave-ins Triggered . | . . . Exploration Rate (%) 19 | 4 38 15 Regions Visited 2 Branch Regions . Pre-discovered Areas . | . . . Known Exits Taken . | . . . Unknown Exits Taken 2 | 1 1 . Scrap Searched . | . . . Spaces Dug . | . . . Terrain Destroyed . | . . . Melee . | . . . Projectile . | . . . AOE . | . . . Terrain Rammed . | . . . Walls Destroyed . | . . . Machines Disabled . | . . . Actions | -11 -10 -9 --------- Run | Yrd Mat Mat Total 494 | 96 235 163 Wait . | . . . Move 407 | 79 202 126 Hop . | . . . Pick Up 16 | 9 4 3 Fast Attach . | . . . Attach 14 | 6 1 7 Detach . | . . . Swap 4 | . 2 2 Drop 1 | . . 1 Fire 39 | 2 22 15 Melee 8 | . . 8 Ram 1 | . . 1 Kick 4 | . 4 . Crush . | . . . Escape Stasis . | . . . Rewire . | . . . Trap . | . . . Miscellaneous . | . . . Route ------- -11/Scrapyard -10/Materials -9/Materials History --------- Turn | Location | Event 28 | -11/Scrapyard | Discovered new exit (range 16) 108 | -11/Scrapyard | Entered Materials 300 | -10/Materials | Build established: Mutant 502 | -10/Materials | Discovered new exit (range 7) 549 | -10/Materials | Core integrity fell below 50% 551 | -10/Materials | Entered another Materials area 551 | -9/Materials | Evolved 2 slots: Propulsion x2 581 | -9/Materials | Lost 5 parts (1p2n2w) 712 | -9/Materials | Core integrity fell below 50% 724 | -9/Materials | Core integrity fell below 20% 737 | -9/Materials | Destroyed by S-10 Pest with Light Assault Rifle Last Messages --------------- Destroyed Flight Unit. S-10 Pest system corrupted by crushing effect. K-01 Serf collects debris. S-10 Pest IFF system glitched. Lrg. Matter Pod destroyed. R-06 Scavenger collects Lgt. Ion Engine. K-01 Serf collects debris. S-10 Pest suffers critical hit (Smash). Destroyed Lgt. Ion Engine. S-10 Pest system corrupted by crushing effect. Lgt. Assault Rifle fried. S-10 Pest destroyed. K-01 Serf collects debris. Acquired 10 matter. K-01 Serf collects debris. Acquired 1 matter. S-10 Pest destroyed. R-06 Scavenger collects Lgt. Assault Rifle. K-01 Serf collects debris. K-01 Serf cleans the Recycling Unit. Map ----- +----------------------------------------------------+ | ????????????????????????????????????????????? ? ? | | ????????????????????????????????????????????? #? | | ????????????????????????????????????????????? #? | | ????????????????????????????????????????????? #? | | ????????????????????????????????????????????# #? | | ???????????????????????????????????????????## ## | | ?????????????????????????????????###+####### # | | ?????????????????????????????????# # | | ???????????????############??????# # | | ???????????????? #??????# ^ """ """ # | | ????????????????""" """"" #??????# """ "T" | | ????????????????""" ""T"" #??????# """ #? | | ???????????# """"" #??????# #? | | ????????????# ######## #? | | ????????????# ! + ######## #? | | ?????????????????##+#####+#########+#####???# #? | | ?????????????????# #### ##??# #???# #? | | ????????????###### #### "" #???# #? | | ????????? + Y" #???# #? | | ????????? k #### "" #???# #? | | ???????????# r""sr#??# """ #???# ## | | ????????? Y"%s#??# """ #???# | | ?????????? ^ ^ ""%%#### """ #???# | | ?????????? s % + #???# | | ?????????? ################## ## | | ??????????? ##### ## @ ####????# # #? | | ????????????????######?# % #????# """"" # #? | | ???????????????????????# !!!!#????# """"" # # | | ???????????????????????#[[!!!!#????# """"" # # | | ???????????????????????########????# + # | | ???????????????????????????????????# "" # # | | ???????????????????????????????????# S"" # ## | | ???????????????????????????????????# "" # #? | | ???????????????????????????????????# # #? | | ???????????????????????????????????########## #? | | ????????????????????????????????????????????#####? | | ?????????????????????????????????????????????????? | | ?????????????????????????????????????????????????? | | ?????????????????????????????????????????????????? | | ?????????????????????????????????????????????????? | | ?????????????????????????????????????????????????? | | ?????????????????????????????????????????????????? | | ?????????????????????????????????????????????????? | | ?????????????????????????????????????????????????? | | ?????????????????????????????????????????????????? | | ?????????????????????????????????????????????????? | | ?????????????????????????????????????????????????? | | ?????????????????????????????????????????????????? | | | | | +----------------------------------------------------+ Best States ------------- Heat Dissipation 28 Energy Generation 10 Energy Capacity 250 Matter Stores 427 Matter Capacity 450 Sight Range 16 Terrain Scan Density 10 Evasion (%) 55 Item Schematics ----------------- Flight Unit | -9/Materials | Scanalyzed Robot Schematics ------------------ None Fabricated ------------ Nothing Alien Tech Used ----------------- None Achievements -------------- None Challenges ------------ None Game ------ Seed GammaDeepSlayer Manual? 0 Play Time 00:09:35 Cumulative 3.9 hours Start 2024.04.03 @ 20:50:28 End 2024.04.03 @ 20:57:24 Sessions 1 Manual Loads 0 Difficulty Rogue Special Mode None Game No. 13 Rogue 13 Adventurer 0 Explorer 0 Win Type - Total 0 Types 0/0/0/0/0/0/0/0/0 Lore% 7 Gallery% 10 Achievement% 10 Wizard Run 0 Options --------- Layout 1 ASCII 0 Keyboard 0 Movement Arrows Keybinds 0 Fullscreen 1 Font 24/Smallcaps Map View 50x35 Zoom Use 0% Tactical HUD 0 Map Filters NONE Filters NONE Steam 1 RUN: 038266f4-9c15-4411-a66e-03e53915745a